 Dungeon Crawl Stone Soup version 0.18-a0-1303-g41c131c (webtiles) character file.

182 HEYYEYAAE the Digger (level 5, 0/38 HPs)
             Began as a Human Earth Elementalist on Feb 12, 2016.
             Slain by a worker ant (1 damage)
             ... on level 4 of the Dungeon.
             The game lasted 00:09:31 (2933 turns).

HEYYEYAAE the Digger (Human Earth Elementalist)     Turns: 2933, Time: 00:09:31

Health: 0/38       AC:  5    Str:  8      XL:     5   Next: 93%
Magic:  9/9        EV: 11    Int: 15 (16) God:
Gold:   138        SH:  2    Dex:  4 (13) Spells: 2 memorised, 5 levels left

rFire  . . .     SeeInvis .     g - -2 spear (curse)
rCold  . . .     Gourm    .     a - +0 robe
rNeg   . . .     Faith    .     m - +0 buckler
rPois  .         Spirit   .     (no helmet)
rElec  .         Dismiss  .     (no cloak)
rCorr  .         Reflect  .     (no gloves)
SustAt .         Harm     .     (no boots)
MR     .....                    (no amulet)
Stlth  +.........               (no ring)
                                (no ring)

@: lethally poisoned (0 -> -5), exhausted, not resistant to hostile
enchantments, very unstealthy
A: rough black scales 1, blurry vision 1, deformed body
a: no special abilities


You were on level 4 of the Dungeon.
You were not hungry.

You visited 1 branch of the dungeon, and saw 5 of its levels.

You collected 138 gold pieces.

Inventory:

Hand Weapons
 g - a cursed -2 spear (weapon)
 l - a +1 dagger of venom
Missiles
 b - 49 stones (quivered)
Armour
 a - a +0 robe (worn)
 m - a +0 buckler (worn)
Wands
 u - a wand of iceblast (0/15)
Scrolls
 n - a scroll of recharging
Potions
 e - 3 potions of lignification
 p - a potion of mutation
 q - a potion of might
 s - a potion of berserk rage
Books
 c - a book of Geomancy

   Spells                             Type                      Level
   a - Sandblast                      Earth                        1
   b - Passwall                       Transmutation/Earth          2
   c - Stone Arrow                    Conjuration/Earth            3
   d - Petrify                        Transmutation/Earth          4
   e - Lee's Rapid Deconstruction     Earth                        5
 t - a book of Changes

   Spells                             Type                      Level
   a - Beastly Appendage              Transmutation                1
   b - Sticks to Snakes               Transmutation                2
   c - Spider Form                    Transmutation/Poison         3
   d - Ice Form                       Ice/Transmutation            4
   e - Blade Hands                    Transmutation                5
Comestibles
 d - 2 bread rations
 f - 2 meat rations
 k - a slice of pizza


   Skills:
 + Level 2.2 Fighting
 + Level 1.5 Armour
 + Level 2.6 Dodging
 - Level 2.0 Stealth
 * Level 1.4 Shields
 + Level 2.6 Spellcasting
   Level 1.0 Transmutations
 * Level 4.0 Earth Magic


You had 5 spell levels left.
You knew the following spells:

 Your Spells              Type           Power        Failure   Level  Hunger
a - Sandblast             Erth           ##....       8%          1    #......
b - Stone Arrow           Conj/Erth      #.....       38%         3    ###....


Dungeon Overview and Level Annotations

Branches:
Dungeon (5/15)             Temple (0/1) D:4

Altars:
Fedhas
Kikubaaqudgha
Sif Muna
Yredelemnul

Annotations:
D:2 Sigmund
D:3 Ratboiler's ghost, amateur DEWn


Innate Abilities, Weirdness & Mutations

You are partially covered in rough black scales (AC +4, Dex -1).
Scrolls take you a little longer to read.
Armour fits poorly on your strangely shaped body.


Message History

* * * LOW HITPOINT WARNING * * *
The worker ant twitches its antennae in your direction.
The ooze closely misses you.
You feel a little less mighty now.
The worker ant bites you but does no damage.
The worker ant bites you but does no damage.
The worker ant bites you.
* * * LOW HITPOINT WARNING * * *
You are lethally poisoned!
The worker ant poisons you!
The ooze jiggles.
The ooze barely misses you.
You feel yourself speed up.
* * * LOW HITPOINT WARNING * * *
You feel sick.
You see here a potion of lignification.
e - 3 potions of lignification (gained 1)
* * * LOW HITPOINT WARNING * * *
You feel sick. The worker ant closely misses you. The worker ant bites you.
You die...

...... ##.####.# #
..##.....#.# #
...'...§§.#.# #
...#..§§..#.# # ...
##...§...# # .!
#.....#.# # $
##.....J# #
#....#a########### #
#...#.#@.........<#
.
#.###.#.........###
#. #.#.#######.#
.?.# # #.#.# #.#
#### #.#.# #.# #.#.#
#.# #.###.#.# #.#
#.......# #.#
########.#########.#


You could see a worker ant and an ooze.

Vanquished Creatures
  An orc wizard (D:4)
  An orc priest (D:4)
  A worker ant (D:4)
  3 adders
  An adder zombie (D:5)
  2 worms
  A giant gecko (D:5)
  3 orcs
  4 giant cockroaches
  7 goblins
  3 hobgoblins
  4 jackals
  11 kobolds
  2 ball pythons
  7 bats
  4 giant newts
  6 rats
61 creatures vanquished.

Notes
Turn   | Place    | Note
--------------------------------------------------------------
     0 | D:1      | HEYYEYAAE the Human Earth Elementalist began the quest for the Orb.
     0 | D:1      | Reached XP level 1. HP: 13/13 MP: 3/3
   321 | D:2      | Reached skill level 1 in Fighting
   321 | D:2      | Reached XP level 2. HP: 16/21 MP: 1/5
   328 | D:2      | Noticed Sigmund
   356 | D:2      | Reached XP level 3. HP: 23/26 MP: 1/6
  1542 | D:1      | Reached XP level 4. HP: 33/33 MP: 7/7
  1640 | D:2      | Reached skill level 1 in Armour
  2056 | D:3      | Noticed Ratboiler's ghost (amateur DEWn)
  2143 | D:3      | Noticed an orc warrior
  2330 | D:4      | Found a basalt altar of Yredelemnul.
  2405 | D:3      | Learned a level 3 spell: Stone Arrow
  2550 | D:4      | Found a blossoming altar of Fedhas.
  2575 | D:5      | Entered Level 5 of the Dungeon
  2625 | D:5      | Found a deep blue altar of Sif Muna.
  2627 | D:5      | Found an ancient bone altar of Kikubaaqudgha.
  2646 | D:5      | Noticed an eye of draining
  2845 | D:5      | Noticed a sky beast
  2862 | D:4      | Found a staircase to the Ecumenical Temple.
  2871 | D:4      | Reached skill level 1 in Shields
  2871 | D:4      | Reached XP level 5. HP: 37/38 MP: 3/8
  2879 | D:4      | Gained mutation: You are partially covered in rough black scales (AC +4, Dex -1). [potion of mutation]
  2879 | D:4      | Gained mutation: Scrolls take you a little longer to read. [potion of mutation]
  2879 | D:4      | Gained mutation: Armour fits poorly on your strangely shaped body. [potion of mutation]
  2897 | D:4      | HP: 3/85 [orc priest/divine providence (11)]
  2900 | D:4      | HP: 1/85 [orc wizard/dagger of holy wrath (1)]
  2912 | D:4      | Reached skill level 4 in Earth Magic
  2933 | D:4      | HP: 1/38 [poisoned by a worker ant]
  2933 | D:4      | Slain by a worker ant

Vault maps used:
D:1:      ncdulo_lavacross
D:2:      minmay_door_path, first_bread, uniq_sigmund
D:3:      lemuel_castle_with_subvaults
D:4:      overflow_temple_1_default, minmay_temple_entry_purple_smoke,
          fedhas_altar_2
D:5:      nicolae_overflow_hidden_temple, kennysheep_small_square

Action                   |  1- 3 |  4- 6 || total
-------------------------+-------+-------++-------
Melee: Unarmed           |     4 |       ||     4
       Spear             |    74 |   118 ||   192
 Cast: Sandblast         |    37 |    47 ||    84
Evoke: Wand              |       |     3 ||     3
  Use: Scroll            |     2 |     6 ||     8
       Potion            |       |     8 ||     8
 Stab: Sleeping          |     3 |     2 ||     5
       Distracted        |       |     1 ||     1
  Eat: Chunk             |     2 |     6 ||     8
